 Dungeon Crawl Stone Soup version 0.30.1-11-g7821555f0a (webtiles) character file.

Game seed: 5634136845278289783

332 fireball365 the Chopper (level 6, -16/55 HPs)
             Began as a Hill Orc Fighter on Dec 24, 2023.
             Demolished by an ogre
             ... wielding a +0 giant club
              (30 damage)
             ... on level 4 of the Dungeon.
             The game lasted 00:05:20 (2750 turns).

fireball365 the Chopper (Hill Orc Fighter)          Turns: 2750, Time: 00:05:21

Health: -16/55     AC:  9    Str: 21    XL:     6   Next: 52%
Magic:  6/6        EV: 10    Int:  8    God:
Gold:   221        SH:  4    Dex: 10    Spells: 5/5 levels left

rFire   . . .        w - +6 war axe "Ciusseidd" {vamp, rElec Will+}
rCold   . . .        c - +0 buckler
rNeg    . . .        b - +0 scale mail
rPois   .            h - +0 helmet
rElec   +            (no cloak)
rCorr   .            e - +0 pair of gloves
SInv    .            (no boots)
Will    +....        (no amulet) Stlth
                     (no ring)
HPRegen 0.29/turn    (no ring)
MPRegen 0.10/turn

%: no passive effects
@: no status effects
A: no striking features
a: no special abilities


You were on level 4 of the Dungeon.
You visited 1 branch of the dungeon, and saw 4 of its levels.

You collected 221 gold pieces.

Inventory:

Hand Weapons
 a - a +0 war axe
 w - the +6 war axe "Ciusseidd" (weapon) {vamp, rElec Will+}
   (You found it on level 4 of the Dungeon)

   rElec:     It insulates you from electricity.
   Will:      It increases your willpower.
Missiles
 r - 3 atropa-tipped darts (quivered)
 y - a throwing net
Armour
 b - a +0 scale mail (worn)
 c - a +0 buckler (worn)
 e - a +0 pair of gloves (worn)
 h - a +0 helmet (worn)
 x - a +0 pair of gloves
Jewellery
 i - a ring of magical power
Scrolls
 j - 3 scrolls of fog {unknown}
 l - a scroll of acquirement {unknown}
 m - 2 scrolls of magic mapping {unknown}
 n - 4 scrolls of identify {unknown}
 o - a scroll of fear {unknown}
 p - a scroll of summoning {unknown}
 q - 4 scrolls of enchant armour {unknown}
 s - a scroll of brand weapon {unknown}
 u - 2 scrolls of blinking {unknown}
 v - a scroll of amnesia {unknown}
 A - a scroll of torment {unknown}
Potions
 d - a potion of might
 f - 3 potions of attraction {unknown}
 g - a potion of flight
 k - 2 potions of heal wounds {unknown}
 t - a potion of haste {unknown}
 z - a potion of brilliance {unknown}


   Skills:
 + Level 4.8 Fighting
 + Level 5.4 Axes
 + Level 4.7 Armour
 + Level 1.5 Dodging
 + Level 0.6 Stealth
 + Level 3.9 Shields


You had 5 spell levels left.
You didn't know any spells.
Your spell library contained the following spells:

 Spells                   Type           Power      Damage    Failure   Level
 Sandblast                Erth           0%         2d4       80%         1
 Passwall                 Tmut/Erth      0%         N/A       91%         2
 Stone Arrow              Conj/Erth      0%         3d7       99%         3


Dungeon Overview and Level Annotations

Branches:
Dungeon (4/15)
 Temple: D:4-7

Altars:
Fedhas

Shops:
D:4 =


Message History

The plant is moderately damaged.
A nearby plant withers and dies.
You slash the fungus!
The fungus begins to die.
The fungus is lightly damaged.
You slash the fungus!
The fungus is lightly damaged.
You slice the fungus!!
The fungus is moderately damaged.
You slash the fungus!
The fungus is moderately damaged.
A nearby fungus withers and dies.
You slash the plant!
The plant begins to die.
The plant is lightly damaged.
You slash the plant!
The plant is lightly damaged.
You hit the plant.
The plant is lightly damaged.
A nearby plant withers and dies.
You hit the fungus.
The fungus begins to die.
The fungus is lightly damaged.
You slash the fungus!
The fungus is lightly damaged.
You hit the fungus.
The fungus is lightly damaged.
You slash the fungus!
The fungus is lightly damaged.
A nearby fungus withers and dies.
As you open the door, it creaks loudly!
There is an open door here.
An ogre comes into view. It is wielding a +0 giant club.
The ogre hits you with a +0 giant club!!
You hit the ogre.
You feel better.
The ogre is lightly wounded.
The ogre hits you with a +0 giant club!!
* * * LOW HITPOINT WARNING * * *
You barely miss the ogre.
The ogre is lightly wounded.
The ogre hits you with a +0 giant club!!
Ouch! That really hurt!
You die...

######## #......# ##### #......#
##### ....# #......### #####....
....#######........### #........
.........#.....O@....# #........
....####.#.#####.#.#.# ##.....[..
....# #.# #.#.#.# #.........
....# #.#########.#.# #.........
.#### #...#≈≈≈≈≈#.#.# #...##....
.## #####≈#.#≈#.#.###...##....
..########.'..∩.≈#...<##...##....
...........#≈#.#≈#.....'.........
#...########≈≈≈≈≈#.#.###......#.#


You could see an ogre.

Vanquished Creatures
  A scorpion (D:4)
  A hound (D:4)
  8 gnolls
  11 adders
  2 dart slugs (D:4)
  5 orcs (D:3)
  9 ball pythons
  5 endoplasms
  3 giant cockroaches
  4 goblins
  2 hobgoblins
  3 quokkas
  5 bats
  4 frilled lizards
  5 kobolds
  3 rats (D:2)
71 creatures vanquished.

Notes
Turn   | Place    | Note
-------+----------+-------------------------------------------
     0 | D:1      | fireball365 the Hill Orc Fighter began the quest for the
                  | Orb.
     0 | D:1      | Reached XP level 1. HP: 19/19 MP: 1/1
   329 | D:1      | Reached XP level 2. HP: 25/27 MP: 2/2
   341 | D:1      | Found a faded altar of an unknown god.
   756 | D:2      | Reached XP level 3. HP: 33/33 MP: 3/3
   769 | D:2      | HP: 1/33 [gnoll/+0 spear (5)]
   771 | D:2      | Reached XP level 4. HP: 2/40 MP: 4/4
  1007 | D:2      | Reached skill level 3 in Axes
  1042 | D:2      | Reached skill level 1 in Dodging
  1613 | D:2      | Identified the +1 robe of Wasted Space {rN+ Will+ Stlth-}
  1841 | D:3      | Reached XP level 5. HP: 47/47 MP: 5/5
  1845 | D:3      | Reached skill level 4 in Axes
  2139 | D:3      | You fall into a shaft and drop 1 floor!
  2164 | D:4      | Reached XP level 6. HP: 30/53 MP: 6/6
  2181 | D:4      | Identified the +6 war axe "Ciusseidd" {vamp, rElec Will+}
  2191 | D:4      | Reached skill level 5 in Axes
  2390 | D:4      | Found Zusescho's Jewellery Shoppe.
  2505 | D:4      | Found a blossoming altar of Fedhas.
  2750 | D:4      | Demolished by an ogre

Illustrated notes

Levels and vault maps discovered:
D:1:      tarquinn_simple_flora_water_c, layout_loops_ring,
          ebering_ecumenical_altar_hall, fountainhead
D:2:      layout_loops_cross, bh_walls_and_bars
D:3:      layout_basic, minmay_snake_closets
D:4:      layout_basic, fedhas_altar_3, serial_shops, kennysheep_little_box

Skill      XL: |  1  2  3  4  5  6 |
---------------+-------------------+-----
Fighting       | 4 |  4.8
Armour         | 4 |  4.7
Axes           | 3 4 5 |  5.4
Dodging        | 1 |  1.5
Stealth        | |  0.6
Shields        | |  3.9

Action                     |  1- 3 |  4- 6 || total
---------------------------+-------+-------++-------
  Melee: War axe           |    58 |   203 ||   261
    Use: Potion            |       |     1 ||     1
 Armour: Scale mail        |    38 |   105 ||   143
  Dodge: Dodged            |    37 |    98 ||   135
  Block: Buckler           |    20 |    39 ||    59
